 Dungeon Crawl Stone Soup version 0.28.0 (webtiles) character file.

Game seed: 3721777025290959851

27 Strat the Sneak (level 3, -1/26 HPs)
             Began as a Formicid Air Elementalist on Feb 8, 2022.
             Succumbed to an adder's poison
             ... on level 2 of the Dungeon.
             The game lasted 00:02:16 (1570 turns).

Strat the Sneak (Formicid Air Elementalist)         Turns: 1570, Time: 00:02:17

Health: -1/26      AC:  2    Str: 14    XL:     3   Next: 25%
Magic:  6/6        EV: 12    Int: 14    God:
Gold:   47         SH:  0    Dex: 11    Spells: 5/6 levels left

rFire   . . .      SeeInvis +   a - +0 short sword
rCold   . . .      Faith    .   (no shield)
rNeg    . . .      Spirit   .   d - +0 robe
rPois   .          Reflect  .   (helmet unavailable)
rElec   .          Harm     .   (no cloak)
rCorr   .          Rampage  .   (no gloves)
Will    .....                   (no boots)
Stlth   ++........              (no amulet)
HPRegen 0.08/turn               (no ring)
MPRegen 0.10/turn               (no ring)

@: lethally poisoned (-1 -> -7)
A: permanent stasis, dig shafts and tunnels, antennae 3, four strong arms
a: Dig, Shaft Self


You were on level 2 of the Dungeon.
You visited 1 branch of the dungeon, and saw 2 of its levels.

You collected 47 gold pieces.

Inventory:

Hand Weapons
 a - a +0 short sword (weapon)
Missiles
 f - 66 stones
Armour
 d - a +0 robe (worn)
 g - a +0 scale mail
Scrolls
 b - a scroll of holy word {unknown}
 c - 2 scrolls of teleportation {unknown}
 e - a scroll of immolation {unknown}
Potions
 h - a potion of lignification {unknown}
 i - a potion of berserk rage {unknown}


   Skills:
 - Level 1.2 Fighting
 + Level 1.4 Short Blades
 - Level 1.7 Dodging
 + Level 3.3 Stealth
 - Level 2.1 Spellcasting
 - Level 0.8 Conjurations
 - Level 2.4 Air Magic


You had 5 spell levels left.
You knew the following spells:

 Your Spells              Type           Power      Damage    Failure   Level
a - Shock                 Conj/Air       24%        1d4       12%         1

Your spell library contained the following spells:

 Spells                   Type           Power      Damage    Failure   Level
 Static Discharge         Conj/Air       6%         N/A       19%         2
 Airstrike                Air            4%         N/A       65%         4
 Swiftness                Air            Unusable   N/A       N/A         3

Dungeon Overview and Level Annotations

Branches:
Dungeon (2/15)

Altars:


Innate Abilities, Weirdness & Mutations

You cannot be hasted, slowed, berserked, paralysed or teleported.
You can dig through walls and to a lower floor.
You have a pair of large antennae on your head. (SInv)
Your four strong arms can wield two-handed weapons with a shield.


Message History

The adder is moderately wounded.
The adder barely misses you.
You barely miss the adder.
The adder is moderately wounded.
The adder bites you.
You are poisoned.
The adder poisons you!
You closely miss the adder.
The adder is moderately wounded.
You feel sick. The adder misses you. The adder bites you.
* * * LOW HITPOINT WARNING * * *
You are more poisoned.
The adder poisons you!
You closely miss the adder.
The adder is moderately wounded.
You feel sick. The adder barely misses you.
You hit the adder.
The adder is severely wounded.
You feel sick. The adder bites you.
* * * LOW HITPOINT WARNING * * *
You barely miss the adder.
The adder is severely wounded.
You feel sick. The adder closely misses you. The adder bites you.
* * * LOW HITPOINT WARNING * * *
You barely miss the adder.
The adder is severely wounded.
You feel sick. The adder barely misses you.
You barely miss the adder.
The adder is severely wounded.
You feel sick. The adder closely misses you.
You closely miss the adder. Your punch misses the adder.
The adder is severely wounded.
You feel sick. The adder closely misses you. The adder barely misses you.
You feel sick.
You are no longer poisoned.
The adder bites you.
* * * LOW HITPOINT WARNING * * *
You are lethally poisoned!
The adder poisons you!
You die...

............# #..
............# #..
............# #..
###........# #..
#^.......# #..
#....w...# #..
#....S...# #..
#........# #..
#....@...# #..
#........# #..
#).......# #..
#####.#### #.. #)#
#.. #.# #.. #†#
#.. #.# ###
#.################


You could see a worm and an adder.

Vanquished Creatures
  A dart slug (D:1)
  3 endoplasms
  2 giant cockroaches (D:2)
  2 goblins
  2 hobgoblins (D:1)
  4 kobolds
  2 quokkas
  A ball python (D:2)
  2 bats (D:1)
  3 frilled lizards (D:1)
  2 rats
24 creatures vanquished.

Notes
Turn   | Place    | Note
-------+----------+-------------------------------------------
     0 | D:1      | Strat the Formicid Air Elementalist began the quest for the
                  | Orb.
     0 | D:1      | Reached XP level 1. HP: 13/13 MP: 3/3
   185 | D:1      | Reached skill level 1 in Fighting
   295 | D:1      | Reached XP level 2. HP: 21/21 MP: 5/5
   352 | D:1      | Found a faded altar of an unknown god.
   860 | D:1      | Reached skill level 1 in Short Blades
   860 | D:1      | Reached skill level 3 in Stealth
  1205 | D:2      | Reached XP level 3. HP: 21/26 MP: 6/6
  1569 | D:2      | HP: 1/26 [adder (4)]
  1570 | D:2      | Succumbed to an adder's poison

Illustrated notes

Levels and vault maps discovered:
D:1:      sevenhm_arrival_forest_fort_small_3, layout_loops_ring,
          shapermc_ecumenical_altar_totnotflames
D:2:      layout_basic, supply_closet_lemuel

Skill      XL: |  1  2 |
---------------+-------+-----
Fighting       | 1 |  1.2
Short Blades   | 1 |  1.4
Stealth        | 3 |  3.3
Dodging        | |  1.7
Spellcasting   | |  2.1
Conjurations   | |  0.8
Air Magic      | |  2.4

Action                   || total
-------------------------++-------
Melee: Short sword       ||    81
       Punch             ||     1
 Cast: Shock             ||    12
 Stab: Sleeping          ||     4
Armor: Robe              ||    19
Dodge: Dodged            ||    65
